 Dungeon Crawl Stone Soup version 0.31-a0-889-g1a8549509d (webtiles) character file.

Game seed: 897071593687410813

88 Kuronicle the Insei (level 4, 0/29 HPs)
             Began as an Octopode Shapeshifter on Oct 16, 2023.
             Slain by a gnoll
             ... wielding a +0 spear
              (6 damage)
             ... on level 3 of the Dungeon.
             The game lasted 00:02:52 (1603 turns).

Kuronicle the Insei (Octopode Shapeshifter)         Turns: 1603, Time: 00:02:52

Health: 0/29       AC:  1    Str: 13    XL:     4   Next: 53%
Magic:  4/4        EV: 13    Int: 12    God:
Gold:   124        SH:  0    Dex: 13    Spells: 3/3 levels left

rFire   . .          .
                       - Unarmed
rCold   . . .        (no shield)
rNeg    . . .        (helmet currently unavailable)
rPois   .            (no amulet)
rElec   .            (no ring)
rCorr   .            (no ring)
SInv    .            (no ring)
Will    .....        (no ring)
Stlth   +++          (no ring)
HPRegen 0.24/turn    (no ring)
MPRegen 0.09/turn    (no ring)
                     (no ring)

%: no passive effects
@: beast-form
A: beast (slay +1), almost no armour, amphibious, 8 rings, camouflage 1,
gelatinous body 1, (nimble swimmer 1), tentacles
a: Begin Untransformation


You were on level 3 of the Dungeon.
You were a hulking beast.
You visited 1 branch of the dungeon, and saw 3 of its levels.

You collected 124 gold pieces.

Inventory:

Talismans
 b - a beast talisman (active)
 c - a flux talisman
Scrolls
 d - 2 scrolls of enchant weapon
 f - a scroll of vulnerability {unknown}
 g - a scroll of poison
 h - a scroll of summoning {unknown}
Potions
 a - a potion of lignification
 e - a potion of cancellation
 i - a potion of curing


   Skills:
 * Level 1.9 Fighting
 * Level 2.9 Dodging
 + Level 1.7 Stealth
 + Level 4.0 Unarmed Combat
 - Level 3.0 Shapeshifting


You had 3 spell levels left.
You didn't know any spells.
Your spell library was empty.

Dungeon Overview and Level Annotations

Branches:
Dungeon (3/15)

Altars:
Trog


Innate Abilities, Weirdness & Mutations

You are a hulking beast.
Your limbs bulge with bestial killing power. (Slay +1)
You cannot wear most types of armour.
You are amphibious.
You can wear up to eight rings at the same time.
Your skin changes colour to match your surroundings (Stealth+).
Your rubbery body absorbs attacks. (AC +1, EV +1)
((You are camouflaged when in or above water. (Stealth+)))
You have tentacles for arms and can constrict up to eight enemies at once.


Message History

You hear a shout!
A frilled lizard comes into view.
You tentacle-slap the orc. You squeeze the orc.
You kill the orc!
Your Unarmed Combat skill increases to level 4!
The frilled lizard misses you.
Items here: ))) [ †††.
You closely miss the frilled lizard. Your grab misses the frilled lizard.
Your squeeze misses the frilled lizard. The frilled lizard closely misses you.
You tentacle-slap the frilled lizard.
You kill the frilled lizard!
A gnoll comes into view. It is wielding a +0 whip.
You tentacle-slap the gnoll. Your grab misses the gnoll.
The gnoll is moderately wounded.
The gnoll closely misses you.
You barely miss the gnoll. Your grab misses the gnoll.
The gnoll is moderately wounded.
The gnoll barely misses you. The gnoll hits you with a +0 whip.
You tentacle-slap the gnoll. Your grab misses the gnoll.
The gnoll is moderately wounded.
A bat comes into view.
The gnoll hits you from afar with a +0 spear!
The gnoll hits you with a +0 whip.
You tentacle-slap the gnoll. You grab the gnoll.
The gnoll is heavily wounded.
You constrict the gnoll, but do no damage.
The gnoll closely misses you. The gnoll barely misses you.
You tentacle-slap the gnoll.
The gnoll is severely wounded.
You constrict the gnoll.
The gnoll hits you from afar with a +0 spear!
* * * LOW HITPOINT WARNING * * *
The gnoll misses you.
You tentacle-slap the gnoll.
You kill the gnoll!
The gnoll barely misses you. The gnoll attacks as it pursues you!
The gnoll misses you. The gnoll attacks as it pursues you!
The gnoll hits you from afar with a +0 spear.
You die...

#### #.. #.# ##.
##########.#
...bl######..........#
...gggg).g.h........>#
....#######.[......#.#
. ######.###.#.#
#..........#.#.#
#.###.######.#.#
#.......####.#.#
###..<#.##.#.#.#
#.###....#.#.#
#........#.#.#


You could see 2 gnolls, a hobgoblin, a goblin and a frilled lizard.

Vanquished Creatures
  A gnoll (D:3)
  An adder (D:2)
  4 dart slugs
  4 orcs (D:3)
  3 endoplasms (D:1)
  A giant cockroach (D:1)
  6 goblins
  3 hobgoblins
  3 quokkas
  4 ball pythons
  7 bats
  9 frilled lizards
  9 kobolds
  2 rats (D:1)
57 creatures vanquished.

Notes
Turn   | Place    | Note
-------+----------+-------------------------------------------
     0 | D:1      | Kuronicle the Octopode Shapeshifter began the quest for the
                  | Orb.
     0 | D:1      | Reached XP level 1. HP: 13/13 MP: 1/1
   107 | D:1      | Found a faded altar of an unknown god.
   130 | D:1      | Reached XP level 2. HP: 18/18 MP: 2/2
   482 | D:1      | Reached XP level 3. HP: 19/23 MP: 3/3
   882 | D:2      | Reached skill level 1 in Stealth
  1061 | D:2      | Found a bloodstained altar of Trog.
  1075 | D:2      | Reached XP level 4. HP: 23/29 MP: 4/4
  1591 | D:3      | Reached skill level 4 in Unarmed Combat
  1603 | D:3      | Slain by a gnoll

Illustrated notes

Levels and vault maps discovered:
D:1:      dpeg_chamrin_arrival_tetris, layout_basic,
          ebering_ecumenical_altar_sacrificial, minmay_surrounded
D:2:      layout_basic, basic_altar, minmay_fractal_squares_5
D:3:      layout_basic, kennysheep_generic_room_6

Skill      XL: |  1  2  3  4 |
---------------+-------------+-----
Stealth        | 1 |  1.7
Unarmed Combat | 4 |  4.0
Fighting       | |  1.9
Dodging        | |  2.9
Shapeshifting  | |  3.0

Action                     |  1- 3 |  4- 6 || total
---------------------------+-------+-------++-------
  Melee: Unarmed           |    71 |    23 ||    94
         Tentacles         |    18 |     8 ||    26
         Constrict         |    16 |     8 ||    24
         Punch             |     2 |     1 ||     3
    Use: Scroll            |     3 |     1 ||     4
         Potion            |     1 |       ||     1
   Stab: Sleeping          |     7 |       ||     7
 Armour: Skin              |    31 |     9 ||    40
  Dodge: Dodged            |    49 |    14 ||    63

Table legend: (Time is in decaauts)
 A = Elapsed time spent in this place.
 B = Non-inter-level travel time spent in this place.
 C = Inter-level travel time spent in this place.
 D = Time resting spent in this place.
 E = Time spent auto-exploring this place.
 F = Levels seen in this place.
 G = Mean time per level.
                   A        B        C        D        E       F      G
               +--------+--------+--------+--------+--------+-----+--------+
         Total |   1598 |   1403 |    195 |    222 |    871 |   3 |  532.7 |
       Dungeon |   1598 |   1403 |    195 |    222 |    871 |   3 |  532.7 |
               +--------+--------+--------+--------+--------+-----+--------+

Top non-repeatable levels by time:
     D:1: 789 daAuts
     D:2: 730 daAuts
     D:3: 79 daAuts
